 Dungeon Sprint DCSS version 0.27-a0-1291-geefcff550b (webtiles) character file.

Game seed: 2642118303284396407

111 mhtbhm the Skirmisher (level 4, -11/40 HPs)
             Began as a Demonspawn Berserker on June 15, 2021.
             Was a Follower of Trog.
             Mangled by Sigmund (12 damage)
             ... in the Dungeon (Sprint I: "Red Sonja").
             The game lasted 00:00:31 (526 turns).

mhtbhm the Skirmisher (Demonspawn Berserker)         Turns: 526, Time: 00:00:31

Health: -11/40     AC:  5    Str: 18    XL:     4   Next: 62%
Magic:  4/4        EV: 11    Int:  9    God:    Trog [*.....]
Gold:   54         SH:  0    Dex: 12    Spells: 3/3 levels left

rFire    . . .     SeeInvis .   a - +0 mace
rCold    . . .     Faith    .   (no shield)
rNeg     . . .     Spirit   .   b - +0 ring mail
rPois    .         Reflect  .   (no helmet)
rElec    .         Harm     .   (no cloak)
rCorr    .         Rampage  .   (no gloves)
Will     .....     NoTele   +   (no boots)
Stlth    +.........             (no amulet)
HPRegen  0.13/turn              (no ring)
MPRegen  0.18/turn              (no ring)

@: on berserk cooldown, slowed, very slow
A: claws 2, magic regeneration
a: Renounce Religion, Berserk


You were in the Dungeon.
You worshipped Trog.
Trog was aware of your devotion.
You visited 1 branch You collected 54 gold pieces.

Inventory:

Hand Weapons
 a - a +0 mace (weapon)
Armour
 b - a +0 ring mail (worn)
Scrolls
 h - a scroll of blinking
Potions
 c - a potion of curing
 d - a potion of heal wounds
 e - a potion of haste
 f - 2 potions of magic
 g - a potion of berserk rage


   Skills:
 + Level 6.3 Fighting
 + Level 6.0 Maces & Flails
 + Level 3.0 Armour
 + Level 3.4 Dodging
 + Level 0.5 Stealth


You had 3 spell levels left.
You didn't know any spells.
Your spell library was empty.

Dungeon Overview and Level Annotations

Branches:
Dungeon (1/1)

Altars:

Annotations:
D Sigmund


Innate Abilities, Weirdness & Mutations

You have very sharp fingernails.
You regenerate magic rapidly.


Message History

Sigmund the Dreaded comes into view.
He is wielding a +0 scythe.
Sigmund shouts!
A red film seems to cover your vision as you go berserk!
You feel yourself moving faster!
You feel mighty!
Sigmund gestures wildly while chanting.
Sigmund flickers and vanishes!
Deactivating autopickup; reactivate with Ctrl-A.
You feel a strong urge to attack something.
There is an open door here.
You sock something! Something hits you but does no damage.
You closely miss something. Something hits you but does no damage.
You miss something. Something hits you.
You sock something! You miss something. Something hits you!
You closely miss something.
You hear some strange, mumbled words.
You are confused.
You're too confused to move!
You feel a strong urge to attack something.
You are no longer berserk.
You are exhausted.
You feel yourself slow down. Something hits you!
There is an open door, spattered with blood here.
You hear some strange, mumbled words.
Something tries to affect you, but you resist.
Something hits you.
There is an open door, spattered with blood here.
You closely miss something. Something hits you.
You closely miss something. Something hits you. Something hits you!
* * * LOW HITPOINT WARNING * * *
You closely miss something.
You feel less confused. Something hits you.
* * * LOW HITPOINT WARNING * * *
Something hits you.
* * * LOW HITPOINT WARNING * * *
You closely miss something. Something hits you.
* * * LOW HITPOINT WARNING * * *
You sock something! Something hits you!
You die...

#############
#<.#..)..#..+
#..'[.#..@{.#
#..#####'####
#..# #..#
#..# ####
#..# #⌠⌠#
####


There were no monsters in sight!

Vanquished Creatures
  An ogre (D)
  Ijyb (D)
2 creatures vanquished.

Notes
Turn   | Place    | Note
-------+----------+-------------------------------------------
     0 | D        | mhtbhm the Demonspawn Berserker began the quest for the
                  | Orb.
     0 | D        | Reached XP level 1. HP: 18/18 MP: 1/1
     2 | D        | Noticed Ijyb
    13 | D        | Killed Ijyb
    14 | D        | Gained mutation: You have sharp fingernails. [demonic
                  | ancestry]
    14 | D        | Reached XP level 2. HP: 3/26 MP: 2/2
   467 | D        | Noticed an ogre
   471 | D        | Killed an ogre
   472 | D        | Gained mutation: You have very sharp fingernails. [demonic
                  | ancestry]
   472 | D        | Reached XP level 3. HP: 34/34 MP: 3/3
   472 | D        | Gained mutation: You regenerate magic rapidly. [demonic
                  | ancestry]
   472 | D        | Reached XP level 4. HP: 40/40 MP: 4/4
   510 | D        | Noticed Sigmund
   524 | D        | HP: 2/40 [something (2)]
   526 | D        | Mangled by Sigmund

Illustrated notes

Levels and vault maps discovered:
D:        dungeon_sprint_1 [red_sonja_temple_1, red_sonja_temple_small_1]

Skill      XL: |  1  2 |
---------------+-------+-----
Fighting       | 4 6 |  6.3
Maces & Flails | 4 6 |  6.0
Armour         | 2 3 |  3.0
Dodging        | 2 3 |  3.4
Stealth        | |  0.5

Action                   |  1- 3 |  4- 6 || total
-------------------------+-------+-------++-------
Melee: Mace              |    12 |    11 ||    23
Invok: Berserk           |     2 |     1 ||     3
Armor: Ring mail         |       |     2 ||     2
Dodge: Dodged            |     2 |       ||     2

Table legend: (Time is in decaauts)
 A = Elapsed time spent in this place.
 B = Non-inter-level travel time spent in this place.
 C = Inter-level travel time spent in this place.
 D = Time resting spent in this place.
 E = Time spent auto-exploring this place.
 F = Levels seen in this place.
 G = Mean time per level.
                   A        B        C        D        E       F      G
               +--------+--------+--------+--------+--------+-----+--------+
         Total |    541 |    541 |      0 |    479 |      0 |   1 |  541.0 |
       Dungeon |    541 |    541 |      0 |    479 |      0 |   1 |  541.0 |
               +--------+--------+--------+--------+--------+-----+--------+

Top non-repeatable levels by time:
       D: 541 daAuts
